TOP OF THE 1ST |
Savannah Hogs batting - Pitching for Scottsdale Scorpions : RHP Curt Watkins
|
Pitching: RHP Curt Watkins
|
|
Batting: RHB Júlio Peña
|
0-0: Swinging Strike 0-1: Ball 1-1: Foul Ball, location: 2F 1-2: Ball 2-2: Ball 3-2: Foul Ball, location: 2F 3-2: Strikes out swinging
|
Batting: LHB Jim Clemente
|
0-0: Ball 1-0: Ground out 6-3 (Groundball, 6M)
|
Batting: LHB Ramón Morales
|
0-0: Swinging Strike 0-1: Swinging Strike 0-2: Strikes out looking
|
Top of the 1st over - 0 run(s), 0 hit(s), 0 error(s), 0 left on base; Savannah 0 - Scottsdale 0 |
BOTTOM OF THE 1ST |
Scottsdale Scorpions batting - Pitching for Savannah Hogs : RHP Edgar Martínez
|
Pitching: RHP Edgar Martínez
|
|
Batting: RHB Doug Delaney
|
0-0: Fly out, F8 (Flyball, 8RM)
|
Batting: LHB Claudio Rodríguez
|
0-0: Foul Ball, location: 2F 0-1: Ball 1-1: Ball 2-1: Ball 3-1: Foul Ball, location: 2F 3-2: Base on Balls
|
Batting: SHB William Daly
|
0-0: Ball 1-0: Ground out 5-3 (Groundball, 5S) Claudio Rodríguez to second
|
Batting: RHB Gary Thomas
|
0-0: Swinging Strike 0-1: Ball 1-1: Ball 2-1: Ball 3-1: Called Strike 3-2: Foul Ball, location: 2F 3-2: SINGLE (Line Drive, 89S) Claudio Rodríguez to third Claudio Rodríguez scores
|
Batting: SHB Ralph Robison
|
0-0: Ball 1-0: Ground out 4-3 (Groundball, 4)
|
Bottom of the 1st over - 1 run(s), 1 hit(s), 0 error(s), 1 left on base; Savannah 0 - Scottsdale 1 |
TOP OF THE 2ND |
Savannah Hogs batting - Pitching for Scottsdale Scorpions : RHP Curt Watkins
|
Batting: RHB Javier Martínez
|
0-0: Called Strike 0-1: Ball 1-1: Foul Ball, location: 2F 1-2: Foul Ball, location: 2F 1-2: Strikes out swinging
|
Batting: LHB Pedro Medine
|
0-0: Ball 1-0: Foul Ball, location: 2F 1-1: Swinging Strike 1-2: Ball 2-2: Strikes out swinging
|
Batting: LHB Ivan Costello
|
0-0: Ground out 3-1 (Groundball, 34)
|
Top of the 2nd over - 0 run(s), 0 hit(s), 0 error(s), 0 left on base; Savannah 0 - Scottsdale 1 |
BOTTOM OF THE 2ND |
Scottsdale Scorpions batting - Pitching for Savannah Hogs : RHP Edgar Martínez
|
Batting: RHB Jeff Bane
|
0-0: Ball 1-0: Ball 2-0: SINGLE (Groundball, 56D) (infield hit)
|
Batting: RHB Ricardo Gutiérrez
|
0-0: Called Strike 0-1: Ball 1-1: Ball 2-1: Foul Ball, location: 2F 2-2: Foul Ball, location: 2F 2-2: Foul Ball, location: 2F 2-2: Foul Ball, location: 2F 2-2: Strikes out swinging
|
Batting: LHB Ernesto Hernández
|
0-0: Ball 1-0: Called Strike 1-1: SINGLE (Flyball, 56D) Jeff Bane to second
|
Batting: RHB David Suarze
|
0-0: Called Strike 0-1: Swinging Strike 0-2: Foul Ball, location: 2F 0-2: Ball 1-2: Ball 2-2: Strikes out looking
|
Batting: RHB Doug Delaney
|
0-0: Called Strike 0-1: Ball 1-1: Ball 2-1: Fly out, F4 (Popup, 4MD)
|
Bottom of the 2nd over - 0 run(s), 2 hit(s), 0 error(s), 2 left on base; Savannah 0 - Scottsdale 1 |
TOP OF THE 3RD |
Savannah Hogs batting - Pitching for Scottsdale Scorpions : RHP Curt Watkins
|
Batting: RHB Javier Músquez
|
0-0: Foul Ball, location: 2F 0-1: Ball 1-1: Foul Ball, location: 2F 1-2: Ground out 5-3 (Groundball, 56)
|
Batting: RHB Miguel Toro
|
0-0: Swinging Strike 0-1: Swinging Strike 0-2: Ball 1-2: Strikes out swinging
|
Batting: RHB Ernesto Gómez
|
0-0: Ball 1-0: Called Strike 1-1: Ball 2-1: Ball 3-1: Swinging Strike 3-2: Foul Ball, location: 2F 3-2: Base on Balls
|
Batting: RHB Júlio Peña
|
0-0: Swinging Strike 0-1: Foul Ball, location: 2F 0-2: Ball 1-2: Strikes out swinging
|
Top of the 3rd over - 0 run(s), 0 hit(s), 0 error(s), 1 left on base; Savannah 0 - Scottsdale 1 |
BOTTOM OF THE 3RD |
Scottsdale Scorpions batting - Pitching for Savannah Hogs : RHP Edgar Martínez
|
Batting: LHB Claudio Rodríguez
|
0-0: Ball 1-0: Swinging Strike 1-1: Foul Ball, location: 2F 1-2: Foul Ball, location: 2F 1-2: Foul Ball, location: 2F 1-2: Foul Ball, location: 2F 1-2: Ball 2-2: Ball 3-2: Ground out 4-3 (Groundball, 34)
|
Batting: SHB William Daly
|
0-0: Called Strike 0-1: Called Strike 0-2: Ball 1-2: Ball 2-2: Foul Ball, location: 2F 2-2: Foul Ball, location: 2F 2-2: Fly out, F7 (Line Drive, 7LM)
|
Batting: RHB Gary Thomas
|
0-0: Ground out 5-3 (Groundball, 5S)
|
Bottom of the 3rd over - 0 run(s), 0 hit(s), 0 error(s), 0 left on base; Savannah 0 - Scottsdale 1 |
TOP OF THE 4TH |
Savannah Hogs batting - Pitching for Scottsdale Scorpions : RHP Curt Watkins
|
Batting: LHB Jim Clemente
|
0-0: Ball 1-0: Called Strike 1-1: Ball 2-1: Foul Ball, location: 2F 2-2: Ball 3-2: Foul Ball, location: 2F 3-2: Strikes out swinging
|
Batting: LHB Ramón Morales
|
0-0: Ball 1-0: Ball 2-0: Called Strike 2-1: Fly out, F8 (Line Drive, 8RM)
|
Batting: RHB Javier Martínez
|
0-0: Called Strike 0-1: Swinging Strike 0-2: Ball 1-2: Ball 2-2: Strikes out swinging
|
Top of the 4th over - 0 run(s), 0 hit(s), 0 error(s), 0 left on base; Savannah 0 - Scottsdale 1 |
BOTTOM OF THE 4TH |
Scottsdale Scorpions batting - Pitching for Savannah Hogs : RHP Edgar Martínez
|
Batting: SHB Ralph Robison
|
0-0: Reached on error, E3 (Groundball, 34)
|
Batting: RHB Jeff Bane
|
0-0: Ball 1-0: SINGLE (Groundball, 4D) (infield hit) Ralph Robison to third
|
Batting: RHB Ricardo Gutiérrez
|
0-0: SINGLE (Groundball, 34) Ralph Robison scores Jeff Bane to second Runner from 2nd tries for 3rd, OUT! Ricardo Gutiérrez to second
|
Batting: LHB Ernesto Hernández
|
0-0: Fly out, F7 (Flyball, 7LD) Runner from 2nd tags up, SAFE at 3rd, no throw
|
Batting: RHB David Suarze
|
0-0: Ball 1-0: Swinging Strike 1-1: Swinging Strike 1-2: Strikes out swinging
|
Bottom of the 4th over - 1 run(s), 2 hit(s), 1 error(s), 1 left on base; Savannah 0 - Scottsdale 2 |
TOP OF THE 5TH |
Savannah Hogs batting - Pitching for Scottsdale Scorpions : RHP Curt Watkins
|
Batting: LHB Pedro Medine
|
0-0: Ball 1-0: Called Strike 1-1: Called Strike 1-2: Ball 2-2: Foul Ball, location: 2F 2-2: Strikes out swinging
|
Batting: LHB Ivan Costello
|
0-0: Ball 1-0: Called Strike 1-1: Ball 2-1: Swinging Strike 2-2: Ball 3-2: DOUBLE (Groundball, 3L)
|
Batting: RHB Javier Músquez
|
0-0: Ball 1-0: Foul Ball, location: 2F 1-1: Swinging Strike 1-2: Strikes out swinging
|
Batting: RHB Miguel Toro
|
0-0: Ball 1-0: Called Strike 1-1: Fly out, F8 (Flyball, 8LM)
|
Top of the 5th over - 0 run(s), 1 hit(s), 0 error(s), 1 left on base; Savannah 0 - Scottsdale 2 |
BOTTOM OF THE 5TH |
Scottsdale Scorpions batting - Pitching for Savannah Hogs : RHP Edgar Martínez
|
Batting: RHB Doug Delaney
|
0-0: Ball 1-0: Swinging Strike 1-1: Foul Ball, location: 2F 1-2: Strikes out swinging
|
Batting: LHB Claudio Rodríguez
|
0-0: Ball 1-0: SINGLE (Line Drive, 9LS)
|
Batting: SHB William Daly
|
0-0: Ball 1-0: Swinging Strike 1-1: Ball 2-1: Ball 3-1: Called Strike 3-2: Base on Balls Claudio Rodríguez to second
|
Batting: RHB Gary Thomas
|
0-0: Ball 1-0: Ball 2-0: Ball 3-0: Base on Balls Claudio Rodríguez to third William Daly to second
|
Batting: SHB Ralph Robison
|
0-0: Called Strike 0-1: Ball 1-1: Foul Ball, location: 2F 1-2: Ball 2-2: SINGLE (Groundball, 34D) Claudio Rodríguez scores William Daly to third Gary Thomas to second Runner from 3rd tries for Home, SAFE, no throw or cutoff
|
Pitching: RHP Shannon Wallace
|
|
Batting: RHB Jeff Bane
|
0-0: Fly out, F7 (Flyball, 78M)
|
Batting: RHB Ricardo Gutiérrez
|
0-0: Ball 1-0: Foul Ball, location: 2F 1-1: Swinging Strike 1-2: Ball 2-2: Strikes out swinging
|
Bottom of the 5th over - 2 run(s), 2 hit(s), 0 error(s), 2 left on base; Savannah 0 - Scottsdale 4 |
TOP OF THE 6TH |
Savannah Hogs batting - Pitching for Scottsdale Scorpions : RHP Curt Watkins
|
Batting: RHB Ernesto Gómez
|
0-0: Swinging Strike 0-1: Ground out 6-3 (Groundball, 6MS)
|
Batting: RHB Júlio Peña
|
0-0: SOLO HOME RUN (Flyball, 7LD), Distance : 333 ft
|
Batting: LHB Jim Clemente
|
0-0: Ball 1-0: Swinging Strike 1-1: Ball 2-1: Ball 3-1: Called Strike 3-2: Strikes out looking
|
Batting: LHB Ramón Morales
|
0-0: Ball 1-0: Ball 2-0: Ball 3-0: Base on Balls
|
Pitching: RHP Julian Corbitt
|
|
Batting: RHB Javier Martínez
|
0-0: Ball 1-0: Ball 2-0: Ball 3-0: Called Strike 3-1: Base on Balls Ramón Morales to second
|
Batting: LHB Pedro Medine
|
0-0: Foul Ball, location: 2F 0-1: 3-RUN HOME RUN (Flyball, 9LD), Distance : 331 ft
|
Batting: LHB Ivan Costello
|
0-0: Ball 1-0: Fly out, F8 (Flyball, 8LM)
|
Top of the 6th over - 4 run(s), 2 hit(s), 0 error(s), 0 left on base; Savannah 4 - Scottsdale 4 |
BOTTOM OF THE 6TH |
Scottsdale Scorpions batting - Pitching for Savannah Hogs : RHP Shannon Wallace
|
Batting: LHB Ernesto Hernández
|
0-0: Swinging Strike 0-1: Called Strike 0-2: Strikes out swinging
|
Batting: RHB David Suarze
|
0-0: Called Strike 0-1: Ball 1-1: Ball 2-1: Ball 3-1: Base on Balls
|
Batting: RHB Doug Delaney
|
0-0: Ball 1-0: Foul Ball, location: 2F 1-1: Called Strike 1-2: Ball David Suarze steals 2nd base 2-2: SINGLE (Line Drive, 6M) David Suarze to third
|
Batting: LHB Claudio Rodríguez
|
0-0: Ball 1-0: Called Strike 1-1: Ball 2-1: Called Strike 2-2: Ground out 3-1 (Groundball, 34S) David Suarze scores Doug Delaney to second
|
Batting: SHB William Daly
|
0-0: Ball 1-0: Ball 2-0: Ball 3-0: Called Strike 3-1: Foul Ball, location: 2F 3-2: Base on Balls
|
Batting: RHB Gary Thomas
|
0-0: Called Strike 0-1: Ball 1-1: Ball 2-1: Ball 3-1: Base on Balls Doug Delaney to third William Daly to second
|
Batting: SHB Ralph Robison
|
0-0: Called Strike 0-1: Ball 1-1: Foul Ball, location: 2F 1-2: Ground out 5-3 (Groundball, 5S)
|
Bottom of the 6th over - 1 run(s), 1 hit(s), 0 error(s), 3 left on base; Savannah 4 - Scottsdale 5 |
TOP OF THE 7TH |
Savannah Hogs batting - Pitching for Scottsdale Scorpions : RHP Julian Corbitt
|
Pitching: LHP António Rodríguez
|
|
Batting: RHB Javier Músquez
|
0-0: Called Strike 0-1: Called Strike 0-2: Foul Ball, location: 2F 0-2: Hit by Pitch
|
Batting: RHB Miguel Toro
|
0-0: Ball 1-0: Sac Bunt - play at first, batter OUT! 1-4 Javier Músquez to second
|
Batting: RHB Ernesto Gómez
|
0-0: Called Strike 0-1: Foul Ball, location: 2F 0-2: Strikes out looking
|
Batting: RHB Júlio Peña
|
0-0: Ball 1-0: Ball 2-0: Ball 3-0: Base on Balls
|
Pinch Hitting: LHB Juan Delgado
|
0-0: Swinging Strike 0-1: Called Strike 0-2: Ball 1-2: Foul Ball, location: 2F 1-2: Strikes out swinging
|
Top of the 7th over - 0 run(s), 0 hit(s), 0 error(s), 2 left on base; Savannah 4 - Scottsdale 5 |
BOTTOM OF THE 7TH |
Scottsdale Scorpions batting - Pitching for Savannah Hogs : RHP Shannon Wallace
|
Now in RF: Juan Delgado
|
|
Batting: RHB Jeff Bane
|
0-0: Ball 1-0: Ball 2-0: Ball 3-0: Base on Balls
|
Pinch Hitting: RHB Edgardo Gonzáles
|
0-0: Ball 1-0: Called Strike 1-1: Ball 2-1: Grounds into double play, 6-4-3 (Groundball, 6)
|
Batting: LHB Ernesto Hernández
|
0-0: Called Strike 0-1: Ground out 3-1 (Groundball, 3)
|
Bottom of the 7th over - 0 run(s), 0 hit(s), 0 error(s), 0 left on base; Savannah 4 - Scottsdale 5 |
TOP OF THE 8TH |
Savannah Hogs batting - Pitching for Scottsdale Scorpions : LHP António Rodríguez
|
Now at C: Cristián Román
|
|
Now at SS: Steve Baird
|
|
Now in CF: Felipe Domínguez
|
|
Batting: LHB Ramón Morales
|
0-0: Ball 1-0: Ground out 4-3 (Groundball, 4MS)
|
Pitching: RHP Paul Clark
|
|
Batting: RHB Javier Martínez
|
0-0: Called Strike 0-1: Ball 1-1: Called Strike 1-2: Ball 2-2: Strikes out swinging
|
Batting: LHB Pedro Medine
|
0-0: Called Strike 0-1: Foul Ball, location: 2F 0-2: Ball 1-2: Strikes out swinging
|
Top of the 8th over - 0 run(s), 0 hit(s), 0 error(s), 0 left on base; Savannah 4 - Scottsdale 5 |
BOTTOM OF THE 8TH |
Scottsdale Scorpions batting - Pitching for Savannah Hogs : RHP Shannon Wallace
|
Pitching: LHP Miguel Valentín
|
|
Batting: RHB David Suarze
|
0-0: Ball 1-0: Ball 2-0: Called Strike 2-1: Foul Ball, location: 2F 2-2: SINGLE (Groundball, 25) (infield hit)
|
Pitching: RHP Ramón Martínez
|
|
Batting: RHB Doug Delaney
|
0-0: Bunted foul 0-1: Ball 1-1: Sac Bunt - play at first, batter OUT! 1-4 David Suarze to second
|
Pitching: RHP José Gonzáles
|
|
Batting: LHB Claudio Rodríguez
|
0-0: Ball 1-0: Called Strike 1-1: Ball 2-1: Ball 3-1: Base on Balls
|
Batting: SHB William Daly
|
0-0: Called Strike David Suarze is caught stealing 3rd base Claudio Rodríguez to second 0-1: Ball 1-1: Called Strike 1-2: Strikes out swinging
|
Bottom of the 8th over - 0 run(s), 1 hit(s), 0 error(s), 1 left on base; Savannah 4 - Scottsdale 5 |
TOP OF THE 9TH |
Savannah Hogs batting - Pitching for Scottsdale Scorpions : RHP Paul Clark
|
Pitching: RHP Jesús Ramírez
|
|
Batting: LHB Ivan Costello
|
0-0: Ground out 4-3 (Groundball, 4)
|
Batting: RHB Javier Músquez
|
0-0: Called Strike 0-1: Swinging Strike 0-2: Ball 1-2: SOLO HOME RUN (Flyball, 9D), Distance : 353 ft
|
Pinch Hitting: RHB Sergio Moreno
|
0-0: Called Strike 0-1: Foul Ball, location: 2F 0-2: Ball 1-2: Strikes out swinging
|
Pinch Hitting: SHB Júlio Macías
|
0-0: Called Strike 0-1: Foul Ball, location: 2F 0-2: Strikes out swinging
|
Top of the 9th over - 1 run(s), 1 hit(s), 0 error(s), 0 left on base; Savannah 5 - Scottsdale 5 |
BOTTOM OF THE 9TH |
Scottsdale Scorpions batting - Pitching for Savannah Hogs : RHP José Gonzáles
|
Now at 2B: Anastasio Movonda
|
|
Now at 3B: Ignacio Rangel
|
|
Batting: RHB Gary Thomas
|
0-0: Called Strike 0-1: Ball 1-1: Fly out, F7 (Flyball, 78XD)
|
Pinch Hitting: RHB Geomar Dalsoglio
|
0-0: SINGLE (Groundball, 6MD)
|
Pinch Hitting: RHB Sergio Domínguez
|
0-0: Ball 1-0: Ball 2-0: Ball 3-0: Called Strike 3-1: Foul Ball, location: 2F 3-2: Strikes out looking Geomar Dalsoglio steals 2nd base Batter strikes out.
|
Pinch Hitting: SHB Juan Gonzáles
|
0-0: Called Strike 0-1: Ground out 4-3 (Groundball, 4)
|
Bottom of the 9th over - 0 run(s), 1 hit(s), 0 error(s), 1 left on base; Savannah 5 - Scottsdale 5 |
TOP OF THE 10TH |
Savannah Hogs batting - Pitching for Scottsdale Scorpions : RHP Jesús Ramírez
|
Now at C: Sergio Domínguez
|
|
Now at SS: Geomar Dalsoglio
|
|
Now in CF: José Garza
|
|
Batting: RHB Júlio Peña
|
0-0: Swinging Strike 0-1: Ground out 1-3 (Groundball, 15)
|
Batting: LHB Juan Delgado
|
0-0: Ball 1-0: Called Strike 1-1: Ground out 4-3 (Groundball, 4M)
|
Batting: LHB Ramón Morales
|
0-0: Called Strike 0-1: Swinging Strike 0-2: Foul Ball, location: 2F 0-2: Hit by Pitch
|
Batting: RHB Javier Martínez
|
0-0: Ball 1-0: Called Strike Ramón Morales is caught stealing 2nd base
|
Top of the 10th over - 0 run(s), 0 hit(s), 0 error(s), 0 left on base; Savannah 5 - Scottsdale 5 |
BOTTOM OF THE 10TH |
Scottsdale Scorpions batting - Pitching for Savannah Hogs : RHP José Gonzáles
|
Batting: LHB Ernesto Hernández
|
0-0: Ball 1-0: Foul Ball, location: 2F 1-1: Ball 2-1: Foul Ball, location: 2F 2-2: Ball 3-2: Strikes out looking
|
Pitching: RHP Álex Solano
|
|
Batting: RHB David Suarze
|
0-0: Ball 1-0: Ball 2-0: Ball 3-0: Called Strike 3-1: Foul Ball, location: 2F 3-2: Base on Balls
|
Batting: RHB Doug Delaney
|
0-0: Ball David Suarze steals 2nd base 1-0: Ball 2-0: Ball 3-0: Base on Balls
|
Batting: LHB Claudio Rodríguez
|
0-0: Called Strike 0-1: Called Strike 0-2: Ball 1-2: Ball 2-2: Ball 3-2: SINGLE (Groundball, 56D) David Suarze to third Doug Delaney to second Runner from 3rd tries for Home, SAFE, no throw or cutoff
|
Monday, December 5th, 2016 - OOTP Baseball 17.12 Build 75
|
|